 Dungeon Crawl Stone Soup version 0.29.1-1-gd02db6906a (webtiles) character file.

Game seed: 5889265670882537254

2272 Demigod47 the Basher (level 9, -7/75 HPs)
             Began as a Minotaur Fighter on Oct 17, 2022.
             Shot with a bolt by an orc warrior (12 damage)
             ... on level 7 of the Dungeon.
             The game lasted 00:09:43 (5880 turns).

Demigod47 the Basher (Minotaur Fighter)             Turns: 5880, Time: 00:09:44

Health: -7/75      AC: 14    Str: 22    XL:     9   Next: 16%
Magic:  0/8        EV:  8    Int:  5    God:
Gold:   399        SH: 10    Dex: 17    Spells: 8/8 levels left

rFire   x . .      SeeInvis .   i - +7 flail "Zaptoek" {vorpal, rF- rN+++ Str-2 Stlth+}
rCold   . . .      Faith    .   H - +0 kite shield
rNeg    + + +      Spirit   +   F - +0 chain mail
rPois   .          Reflect  .   v - +1 hat
rElec   .          Harm     .   j - +0 cloak
rCorr   .          Rampage  .   (no gloves)
Will    .....      Clarity  +   o - +0 pair of boots
Stlth   ..........              r - amulet of guardian spirit
HPRegen 0.22/turn               h - +6 ring of dexterity
MPRegen 0.11/turn               n - +4 ring of slaying

@: mighty, on berserk cooldown, slowed, very slow
A: horns 2, retaliatory headbutt, beak, clarity
a: no special abilities


You were on level 7 of the Dungeon.
You visited 2 branches of the dungeon, and saw 8 of its levels.

You collected 399 gold pieces.

Inventory:

Hand Weapons
 i - the +7 flail "Zaptoek" (weapon) {vorpal, rF- rN+++ Str-2 Stlth+}
   (You found it on level 4 of the Dungeon)

   It inflicts extra damage upon your enemies.
   Str:       It affects your strength (-2).
   rF:        It makes you vulnerable to fire.
   rN:        It renders you almost immune to negative energy.
   Stlth:     It makes you more stealthy.
Missiles
 l - 10 javelins (quivered)
 p - a throwing net
Armour
 j - a +0 cloak (worn)
 o - a +0 pair of boots (worn)
 v - a +1 hat (worn)
 F - a +0 chain mail (worn)
 H - a +0 kite shield (worn)
Jewellery
 h - a +6 ring of dexterity (left hand)
 n - a +4 ring of slaying (right hand)
 q - a ring of resist corrosion
 r - an amulet of guardian spirit (around neck)
 t - a +6 ring of strength
 x - a +4 ring of evasion
 y - a ring of fire
Wands
 m - a wand of digging (9)
 C - a wand of paralysis (5)
 G - a wand of flame (3)
Scrolls
 e - 3 scrolls of teleportation
 f - 2 scrolls of immolation
 k - a scroll of enchant armour
 s - 2 scrolls of fear
 u - a scroll of amnesia {unknown}
 B - a scroll of noise {unknown}
 D - 3 scrolls of identify
Potions
 b - a potion of curing
 d - a potion of might
 g - a potion of heal wounds
 w - 2 potions of mutation
 z - a potion of ambrosia
 E - a potion of degeneration {unknown}


   Skills:
 + Level 5.9 Fighting
 * Level 11.1 Maces & Flails
 + Level 7.2 Armour
 + Level 2.7 Dodging
 + Level 1.4 Stealth
 + Level 5.4 Shields


You had 8 spell levels left.
You didn't know any spells.
Your spell library contained the following spells:

 Spells                   Type           Power      Damage    Failure   Level
 Blink                    Tloc           0%         N/A       100%        2
 Dazzling Flash           Conj/Hex       0%         N/A       100%        3
 Ozocubu's Armour         Ice            0%         N/A       100%        3
 Agony                    Necr           0%         N/A       100%        5
 Manifold Assault         Tloc           0%         N/A       100%        5
 Silence                  Hex/Air        0%         N/A       100%        5
 Ozocubu's Refrigeration  Ice            0%         4d7       100%        7
 Storm Form               Tmut/Air       0%         N/A       100%        7


Dungeon Overview and Level Annotations

Branches:
Dungeon (7/15)             Temple (1/1) D:6

Altars:
Dithmenos
Elyvilon
Fedhas
Hepliaklqana
Kikubaaqudgha
Makhleb
Nemelex Xobeh
Qazlal
Trog
Uskayaw
Vehumet
Wu Jian
Xom
Yredelemnul
Zin
The Shining One

Shops:
D:3 :   D:6 =

Annotations:
D:4 2 runed translucent doors
D:7 1 transporter


Innate Abilities, Weirdness & Mutations

You have a pair of horns on your head.
You reflexively headbutt those who attack you in melee.
You have a beak for a mouth.
You possess an exceptional clarity of mind.


Message History

The orc warrior shoots a bolt.
The bolt closely misses you.
The bolt completely misses the orc.
The ogre hits you with a +0 giant club!
The orc throws a boomerang.
The boomerang hits you but does no damage.
The orc barely misses you. The ogre barely misses you.
The orc warrior shoots a bolt.
You block the bolt. The orc hits you but does no damage.
The orc closely misses you.
The orc warrior shoots a bolt.
The bolt hits you!
Items here: ) ? [ †.
You sock the orc!
You kill the orc!
The ogre closely misses you. You block the orc's attack.
The orc warrior attacks as you move away!
The orc warrior unwields a +0 arbalest.
The orc warrior wields a +0 mace.
The orc warrior misses you. You block the orc's attack.
The ogre hits you with a +0 giant club!
The orc warrior unwields a +0 mace.
The orc warrior wields a +0 arbalest.
The orc warrior shoots a bolt.
The bolt closely misses you. The orc hits you but does no damage.
Things that are here:
a +0 flail; 2 boomerangs; an orc corpse You barely miss the orc.
The ogre hits you with a +0 giant club!
* * * LOW HITPOINT WARNING * * *
The orc warrior shoots a bolt.
You block the bolt. The orc hits you but does no damage.
The orc warrior shoots a bolt.
You block the bolt.
You bludgeon the orc!!
You kill the orc!
You block the ogre's attack.
The orc warrior shoots a bolt.
The bolt hits you!
* * * LOW HITPOINT WARNING * * *
The ogre barely misses you.
The orc warrior unwields a +0 arbalest.
The orc warrior wields a +0 mace.
The orc warrior hits you with a +0 mace!
* * * LOW HITPOINT WARNING * * *
Things that are here:
a +0 whip; a boomerang; an orc corpse You hit the ogre.
You headbutt the ogre!!
You kill the ogre!
The orc warrior unwields a +0 trident.
The orc warrior wields a +0 arbalest.
The orc warrior shoots a bolt.
The bolt hits you!
You die...

#.# #.# #.# # #.# #.#
#>### #†# #.# #....
#.#### #.# #####
#....# #.# # ##....#
#.# # #..########## #
#.##......... #######
##.#)@.## ##...#......
#..#o)..#[#....###.###
#..#o#....o.$#.#.#.#
#..#)##.8.8.##.#.#.#
#.©#©#..._..$#o#©..#
##.#.##.8.8.##o#.#.#
#.#.#. .....#.#.#.#
###....#.#....###.#
#...## ##.. #.#


You could see 2 orc warriors and an orc wizard.

Vanquished Creatures
  A hornet (D:4)
  A yak (D:4)
  The ghost of H0rd4k the Insei, an amateur OpTm (D:3)
  A water moccasin (D:5)
  An orc warrior (D:7)
  An ice beast (D:6)
  2 centaurs
  3 ogres
  A phantom (D:4)
  3 bullfrogs (D:6)
  A necrophage (D:5)
  A scorpion (D:4)
  A howler monkey (D:5)
  5 orc priests
  2 hounds (D:6)
  2 gnoll boudas
  A jelly (D:6)
  5 iguanas
  4 orc wizards
  3 gnolls (D:6)
  9 adders
  A shadow imp (D:5)
  2 white imps
  4 worms
  2 dart slugs
  30 orcs
  8 endoplasms
  A giant cockroach (D:1)
  5 goblins
  6 hobgoblins
  6 jackals
  5 quokkas
  6 ball pythons
  7 bats
  5 frilled lizards
  4 kobolds
  5 rats
146 creatures vanquished.

Notes
Turn   | Place    | Note
-------+----------+-------------------------------------------
     0 | D:1      | Demigod47 the Minotaur Fighter began the quest for the Orb.
     0 | D:1      | Reached XP level 1. HP: 19/19 MP: 0/0
     2 | D:1      | Noticed a draconian
     2 | D:1      | Noticed a vine stalker
     4 | D:1      | Noticed a minotaur
     4 | D:1      | Noticed a meteoran
     6 | D:1      | Noticed a ghoul
     6 | D:1      | Noticed a merfolk
     8 | D:1      | Noticed a palentonga
     8 | D:1      | Noticed a felid
    12 | D:1      | Noticed a formicid
    12 | D:1      | Noticed a spriggan
    14 | D:1      | Noticed a vampire
    14 | D:1      | Noticed a human
    16 | D:1      | Noticed a demonspawn
    16 | D:1      | Noticed a tengu
    18 | D:1      | Noticed an ogre
    18 | D:1      | Noticed an octopode
    20 | D:1      | Noticed a naga
    20 | D:1      | Noticed a troll
    22 | D:1      | Noticed a gargoyle
    24 | D:1      | Noticed an elf
    24 | D:1      | Noticed a minotaur
    26 | D:1      | Noticed a draconian
    26 | D:1      | Noticed an ogre
   254 | D:1      | Reached XP level 2. HP: 27/27 MP: 1/1
   467 | D:1      | Reached skill level 3 in Maces & Flails
   711 | D:1      | Reached XP level 3. HP: 33/33 MP: 2/2
  1332 | D:2      | Reached XP level 4. HP: 37/40 MP: 3/3
  1635 | D:2      | Gained mutation: You are clumsy. (Dex -2) [potion of
                  | mutation]
  1635 | D:2      | Gained mutation: You are dopey. (Int -2) [potion of
                  | mutation]
  1635 | D:2      | Gained mutation: You are frail. (-10% HP) [potion of
                  | mutation]
  1707 | D:3      | Found Zeutom's Book Emporium.
  1899 | D:3      | Reached skill level 4 in Maces & Flails
  2138 | D:3      | Found a runed translucent door.
  2390 | D:3      | Noticed H0rd4k's ghost (amateur OpTm)
  2404 | D:3      | Killed H0rd4k's ghost
  2405 | D:3      | Reached skill level 5 in Maces & Flails
  2405 | D:3      | Reached XP level 5. HP: 39/42 MP: 4/4
  2579 | D:4      | Reached XP level 6. HP: 46/47 MP: 5/5
  2609 | D:4      | Reached skill level 6 in Maces & Flails
  2609 | D:4      | Reached skill level 5 in Armour
  2609 | D:4      | Reached skill level 1 in Dodging
  3059 | D:4      | Found a large runed translucent door.
  3059 | D:4      | Found a large runed translucent door.
  3063 | D:4      | Noticed a yak
  3063 | D:4      | Noticed a hornet
  3228 | D:4      | Reached skill level 7 in Maces & Flails
  3228 | D:4      | Reached XP level 7. HP: 39/54 MP: 3/6
  3332 | D:4      | Found a large runed translucent door.
  3332 | D:4      | Found a large runed translucent door.
  3664 | D:4      | Lost mutation: You are dopey. (Int -2) [potion of mutation]
  3664 | D:4      | Lost mutation: You are clumsy. (Dex -2) [potion of
                  | mutation]
  3664 | D:4      | Lost mutation: You are frail. (-10% HP) [potion of
                  | mutation]
  3664 | D:4      | Gained mutation: You have a beak for a mouth. [potion of
                  | mutation]
  3664 | D:4      | Gained mutation: You possess an exceptional clarity of
                  | mind. [potion of mutation]
  3684 | D:4      | Killed a hornet
  3688 | D:4      | Killed a yak
  3689 | D:4      | Reached skill level 5 in Fighting
  3689 | D:4      | Reached skill level 8 in Maces & Flails
  3715 | D:4      | Identified the +7 flail "Zaptoek" {vorpal, rF- rN+++ Str-2
                  | Stlth+}
  3829 | D:5      | Entered Level 5 of the Dungeon
  3887 | D:5      | Reached XP level 8. HP: 47/68 MP: 5/7
  3893 | D:5      | Reached skill level 1 in Stealth
  4028 | D:5      | Reached skill level 9 in Maces & Flails
  4310 | D:5      | Reached skill level 5 in Shields
  4333 | D:5      | Paralysed by an orc for 2 turns
  4501 | D:6      | Found Umumih's Jewellery Emporium.
  4584 | D:6      | Found a hide-covered altar of Uskayaw.
  4610 | D:6      | Reached skill level 10 in Maces & Flails
  5097 | D:6      | Found a staircase to the Ecumenical Temple.
  5102 | D:6      | Reached XP level 9. HP: 75/75 MP: 8/8
  5108 | Temple   | Entered the Ecumenical Temple
  5175 | D:7      | Found a transporter.
  5597 | D:7      | Found a transporter.
  5866 | D:7      | Reached skill level 11 in Maces & Flails
  5880 | D:7      | Shot with a bolt by an orc warrior

Illustrated notes

Levels and vault maps discovered:
D:1:      kb_arrival_jail, layout_loops_ring, fountainhead,
          kennysheep_nondescript, minmay_octomino_e4
D:2:      layout_rooms
D:3:      layout_loops_corners, gammafunk_ghost_grave, serial_shops, shop,
          portal_sewer_entry_d
D:4:      layout_basic, minmay_hollow_rounded_squares
D:5:      layout_gridville
D:6:      layout_rooms, mainiacjoe_overflow_tiny_flanked,
          minmay_temple_entry_statues_fountains, kennysheep_minor_cross,
          minivault_10, nicolae_stop_n_shop_1
D:7:      gammafunk_beogh_shrine, layout_loops_ring
Temple:   nicolae_temple_no_exploring_needed

Skill      XL: |  1  2  3  4  5  6  7  8  9 |
---------------+----------------------------+-----
Shields        | 4 5 |  5.4
Armour         | 4 5 6 7 |  7.2
Fighting       | 4 5 |  5.9
Maces & Flails | 3 5 7 8 10 11 | 11.1
Dodging        | 1 2 |  2.7
Stealth        | 1 |  1.4

Action                   |  1- 3 |  4- 6 |  7- 9 || total
-------------------------+-------+-------+-------++-------
Melee: Flail             |    71 |   103 |    95 ||   269
       Headbutt          |    13 |    14 |    22 ||    49
       Peck              |       |       |    14 ||    14
  Use: Potion            |       |     6 |     5 ||    11
       Scroll            |       |     3 |     2 ||     5
 Stab: Sleeping          |       |       |     1 ||     1
Armor: Scale mail        |    42 |    59 |    18 ||   119
       Chain mail        |       |       |    12 ||    12
Dodge: Dodged            |    55 |    50 |    42 ||   147
Block: Buckler           |    22 |    29 |    21 ||    72
       Kite shield       |       |       |    18 ||    18
